 Dungeon Crawl Stone Soup version 0.20.1-1-g8b1a95d (webtiles) character file.

292 totient the Covered (level 6, -10/55 HPs)
             Began as a Minotaur Fighter on July 25, 2017.
             Mangled by a two-headed ogre
             ... wielding a +0 giant club
              (28 damage)
             ... on level 4 of the Dungeon.
             The game lasted 00:14:08 (2677 turns).

totient the Covered (Minotaur Fighter)              Turns: 2677, Time: 00:14:08

Health: -10/55     AC:  8    Str: 26    XL:     6   Next: 10%
Magic:  5/5        EV:  7    Int:  5    God:
Gold:   162        SH: 10    Dex: 11    Spells: 5/5 levels left

rFire    . . .     SeeInvis .   g - -2 long sword (curse)
rCold    . . .     Gourm    .   c - +0 shield
rNeg     . . .     Faith    .   b - +1 scale mail
rPois    .         Spirit   .   (helmet restricted)
rElec    .         Reflect  .   l - scarf {cloud immunity}
rCorr    +         Harm     .   (no gloves)
MR       .....                  (no boots)
Stlth    ..........             (no amulet)
Regen    0.2/turn               q - ring of flight
MPRegen  0.1/turn               t - ring of resist corrosion

@: mighty
A: retaliatory headbutt, horns 2
a: Evoke Flight


You were on level 4 of the Dungeon.
You were not hungry.

You visited 1 branch of the dungeon, and saw 4 of its levels.

You collected 162 gold pieces.

Inventory:

Hand Weapons
 a - a +1 long sword
 g - a cursed -2 long sword (weapon)
Armour
 b - a +1 scale mail (worn)
 c - a +0 shield (worn)
 l - a scarf of cloud immunity (worn)
Jewellery
 q - a ring of flight (left hand)
 t - a ring of resist corrosion (right hand)
Wands
 k - a wand of scattershot (3/9)
Scrolls
 m - 2 scrolls of magic mapping
 p - 3 scrolls of identify
 r - a scroll of fear {unknown}
Potions
 e - a potion of berserk rage
 h - a potion of resistance {unknown}
 j - a potion of brilliance {unknown}
 n - 2 potions of curing {unknown}
 o - a potion of haste {unknown}
 s - a potion of magic {unknown}
Comestibles
 f - 3 bread rations
 i - 2 chunks of flesh
 u - a meat ration


   Skills:
 + Level 4.8 Fighting
 * Level 5.4 Long Blades
 + Level 5.6 Armour
 - Level 3.8 Shields


You had 5 spell levels left.
You didn't know any spells.

Dungeon Overview and Level Annotations

Branches:
Dungeon (4/15)
 Temple: D:4-7

Altars:
Elyvilon
Makhleb


Innate Abilities, Weirdness & Mutations

You reflexively headbutt those who attack you in melee.
You have a pair of horns on your head.


Message History

The two-headed ogre shouts in stereo!
Found 11 gold pieces.
You hit the two-headed ogre.
The two-headed ogre is lightly wounded.
The two-headed ogre hits you but does no damage.
You block the two-headed ogre's attack.
You hit the two-headed ogre but do no damage.
The two-headed ogre is lightly wounded.
The two-headed ogre hits you with a giant club!!
Ouch! That really hurt!
The two-headed ogre completely misses you.
You feel very mighty all of a sudden.
The two-headed ogre hits you with a giant club.
The two-headed ogre closely misses you.
You are too injured to fight recklessly!
You barely miss the two-headed ogre. You headbutt the two-headed ogre.
The two-headed ogre is lightly wounded.
The two-headed ogre hits you with a giant club!!
Ouch! That really hurt!
You die...

# #.....# ..#.# #.#.. #
##.#####.# #.#.### #.#.# #
#........# #.#...## ##.#.#
#
#..#########......###....#
# #..#.. ................#
###..#.# #......###...##
##...#.## #.#...## ##.##
........#### #..<.## #.#
##.........#####@## #.#
###.###.##...)...O.$......
###.# #..........#########
....###.########.#
###.....### #..
##............ ..#
...########### ### ####


You could see a two-headed ogre.

Vanquished Creatures
  An ogre (D:3)
  A scorpion (D:4)
  A hound (D:3)
  8 adders
  A shadow imp (D:3)
  A dart slug (D:2)
  2 leopard geckos (D:2)
  An orc (D:4)
  2 ball pythons (D:3)
  3 giant cockroaches
  3 goblins
  5 hobgoblins
  4 jackals (D:1)
  3 kobolds
  A quokka (D:2)
  5 bats
  2 frilled lizards
  8 rats
52 creatures vanquished.

Notes
Turn   | Place    | Note
-------+----------+-------------------------------------------
     0 | D:1      | totient the Minotaur Fighter began the quest for the Orb.
     0 | D:1      | Reached XP level 1. HP: 19/19 MP: 0/0
   238 | D:1      | Reached XP level 2. HP: 27/27 MP: 1/1
   905 | D:2      | Reached XP level 3. HP: 33/33 MP: 2/2
  1269 | D:2      | Found a white marble altar of Elyvilon.
  1599 | D:3      | Reached XP level 4. HP: 27/40 MP: 3/3
  2042 | D:3      | Noticed an ogre
  2050 | D:3      | Killed an ogre
  2050 | D:3      | Reached skill level 5 in Long Blades
  2050 | D:3      | Reached skill level 5 in Armour
  2050 | D:3      | Reached XP level 5. HP: 21/47 MP: 4/4
  2292 | D:3      | Found a burning altar of Makhleb.
  2667 | D:4      | Reached XP level 6. HP: 51/55 MP: 5/5
  2673 | D:4      | Noticed a two-headed ogre
  2677 | D:4      | Mangled by a two-headed ogre

Skill      XL: |  1  2  3  4 |
---------------+-------------+-----
Armour         | 4 5 |  5.6
Long Blades    | 3 5 |  5.4
Fighting       | 4 |  4.8
Shields        | |  3.8

Action                   |  1- 3 |  4- 6 || total
-------------------------+-------+-------++-------
Melee: Long sword        |    94 |    70 ||   164
       Headbutt          |    17 |     9 ||    26
  Use: Scroll            |     4 |     1 ||     5
       Potion            |       |     1 ||     1
  Eat: Chunk             |     2 |     4 ||     6
Armor: Scale mail        |    63 |    22 ||    85
Dodge: Dodged            |    33 |    20 ||    53
Block: Shield            |    48 |    42 ||    90
       Rpst.: Long sword |     4 |     4 ||     8
